 Dungeon Crawl Stone Soup version 0.30.1-4-g462c640d31 (webtiles) character file.

Game seed: 8029577434283028621

4643 croobank the Charlatan (level 10, -1/86 HPs)
             Began as an Armataur Wanderer on Aug 26, 2023.
             Was an Initiate of Gozag.
             Slain by a gargoyle
             ... wielding a +0 flail
              (18 damage)
             ... on level 8 of the Dungeon.
             The game lasted 00:39:38 (11190 turns).

croobank the Charlatan (Armataur Wanderer)         Turns: 11190, Time: 00:39:38

Health: -1/86      AC: 13    Str: 11    XL:     10   Next: 20%
Magic:  12/17      EV: 10    Int: 25    God:    Gozag
Gold:   481        SH:  0    Dex: 14    Spells: 8/18 levels left

rFire   . . .        j - +1 dagger (speed)
rCold   + . .        (no shield)
rNeg    + . .        P - +3 acid dragon scales
rPois   .            g - +0 helmet
rElec   .            z - +2 cloak
rCorr   +            (no gloves)
SInv    .            (no barding)
Will    .....        (no amulet)
Stlth   +            s - ring "Hokker" {rC+ Str-5 Int+5 Dex+6}
HPRegen 0.34/turn    h - ring of positive energy
MPRegen 0.15/turn

%: roll
@: about to teleport, spiked, hasted, very quick
A: large, rugged brown scales 3, deformed body, armoured tail, roll, long
tongue, awkward tongue
a: Renounce Religion, Potion Petition, Call Merchant, Bribe Branch


You were on level 8 of the Dungeon.
You worshipped Gozag.
Gozag was aware of your devotion.
You visited 1 branch of the dungeon, and saw 8 of its levels.

You collected 1219 gold pieces.
You spent 486 gold pieces at shops.
You paid 252 gold pieces to Gozag.

Inventory:

Hand Weapons
 f - a +0 vampiric dagger
 j - a +1 dagger of speed (weapon)
 t - a +1 dagger of venom
 w - a +0 war axe
 x - a +0 trident
 A - a +2 whip of flaming
 D - the +9 flail "Lorem Ipsum" {freeze, rPois Will- Int+4}
   (You bought it in a shop on level 3 of the Dungeon)

   Int:       It affects your intelligence (+4).
   rPois:     It protects you from poison.
   Will:      It decreases your willpower.
 I - a +3 dagger
 J - a +2 scimitar of freezing
 K - a +4 falchion
 N - a +3 falchion
 O - a +6 long sword of holy wrath
 Q - a +2 spear of flaming
 R - a +3 scimitar
Missiles
 b - 45 poisoned darts (quivered)
 i - 12 boomerangs
 L - a curare-tipped dart
 M - 4 atropa-tipped darts
Armour
 d - a +1 robe
 g - a +0 helmet (worn)
 y - a +0 leather armour
 z - a +2 cloak (worn)
 P - +3 acid dragon scales (worn)
Magical Staves
 m - a staff of fire
Jewellery
 h - a ring of positive energy (right hand)
 s - the ring "Hokker" (left hand) {rC+ Str-5 Int+5 Dex+6}
   (You bought it in a shop on level 3 of the Dungeon)

   [ring of dexterity]

   Str:       It affects your strength (-5).
   Int:       It affects your intelligence (+5).
   Dex:       It affects your dexterity (+6).
   rC:        It protects you from cold.
Wands
 l - a wand of flame (3)
 o - a wand of mindburst (32)
 B - a wand of digging (6)
 E - a wand of charming (1)
 T - a wand of roots (11)
Scrolls
 q - a scroll of teleportation
 v - 2 scrolls of fog
 G - 2 scrolls of vulnerability
Potions
 c - a potion of brilliance
 e - 2 potions of mutation
 k - a potion of might
 p - 5 potions of degeneration {unknown}
 r - a potion of invisibility {unknown}
 u - 2 potions of lignification {unknown}
 C - a potion of flight {unknown}
 H - a potion of cancellation {unknown}
 S - a potion of curing


   Skills:
 + Level 5.0 Fighting
 + Level 5.0 Throwing
 * Level 4.5 Dodging
 + Level 4.8 Spellcasting
 + Level 5.3 Hexes
 + Level 5.2 Summonings
 + Level 1.7 Fire Magic
 + Level 5.4 Evocations


You had 8 spell levels left.
You knew the following spells:

 Your Spells              Type           Power      Damage    Failure   Level
a - Summon Small Mammal   Summ           100%       N/A       1%          1
b - Call Imp              Summ           64%        N/A       2%          2
c - Slow                  Hex            100%       N/A       1%          1
d - Summon Guardian Gole  Hex/Summ       32%        N/A       4%          3
e - Inner Flame           Hex/Fire       23%        N/A       10%         3

Your spell library contained the following spells:

 Spells                   Type           Power      Damage    Failure   Level
 Blink                    Tloc           12%        N/A       21%         2
 Gell's Gravitas          Tloc           6%         N/A       36%         3
 Teleport Other           Tloc           6%         N/A       36%         3
 Silence                  Hex/Air        9%         N/A       77%         5
 Manifold Assault         Tloc           6%         N/A       78%         4
 Passage of Golubria      Tloc           6%         N/A       78%         4
 Dispersal                Tloc           3%         N/A       100%        6
 Storm Form               Tmut/Air       3%         N/A       100%        7
 Lehudib's Crystal Spear  Conj/Erth      3%         10d2      100%        8


Dungeon Overview and Level Annotations

Branches:
Dungeon (8/15)             Temple (0/1) D:7
   Lair: D:8-11

Altars:
Ashenzari
Cheibriados
Gozag
Makhleb
Qazlal
Ru
Sif Muna
Wu Jian

Shops:
D:1 =   D:3 (=


Innate Abilities, Weirdness & Mutations

You are completely covered in rugged brown scales. (AC +3, +7% HP)
Armour fits poorly on your strangely shaped body.
You have a long armoured tail.
You roll when moving toward enemies. (Rampage)
Your long tongue fully drains potion bottles. (2x potion effects)
Your tongue gives you trouble enunciating. (1.5x scroll delay)


Message History

The gargoyle hits your guardian golem with a +0 flail!
Okay, then.
Okay, then.
Okay, then.
Okay, then.
As you slowly read the scroll of identify, it crumbles to dust.
n - a potion of haste The two-headed ogre hits your guardian golem with a +0 giant club.
The two-headed ogre hits your guardian golem with a +0 giant club!!
The gargoyle hurls a stone arrow at you.
The stone arrow hits your guardian golem!!
Your guardian golem is destroyed!
Your guardian golem disappears in a puff of smoke!
You feel yourself speed up.
You slurp down every last drop of the potion of haste!
The manticore flicks its tail.
The volley of spikes hits you!
The barbed spikes become lodged in your body.
* * * LOW HITPOINT WARNING * * *
The barbs in your skin will harm you if you move.
Continue?
Okay, then.
As you slowly read the scroll of teleportation, it crumbles to dust.
You feel strangely unstable. The gargoyle closely misses you.
The manticore flicks its tail.
The volley of spikes misses you.
The two-headed ogre hits you with a +0 giant club!
* * * LOW HITPOINT WARNING * * *
The two-headed ogre hits you but does no damage. [a] - 192 gold - heal wounds and curing [b] - 300 gold - brilliance and magic [c] - 696 gold - resistance, might and haste Purchase which effect?
You feel much better.
You feel better.
The manticore flicks its tail.
The volley of spikes hits you!
The barbed spikes become lodged in your body.
* * * LOW HITPOINT WARNING * * *
The gargoyle hits you with a +0 flail!!
You die...
Your body crumbles into a pile of gold.

## .......##########
...................#
...####....#######.#
....##...##...##.# #
....#...##...##.# #..
#..#...##...##.#
#.[..#.H#........##.######
...}......#..#...##.......
.#..}.#.9@#..#<#.#########
##.. #.O.#..#.#.# ...
#...#..#...# ...
.e..##..##### ##
.....#...# .....###...#
.####


You could see a two-headed ogre (inner flame), a manticore (inner flame), a deep
elf pyromancer (inner flame) and a gargoyle (inner flame).

Vanquished Creatures
  Pikel (D:6)
  Maggie (D:7)
  A yak (D:8)
  A steam dragon (D:7)
  An ogre (D:7)
  A centaur (D:6)
  A phantom (D:4)
  A kobold brigand (D:6)
  The ghost of Xrynn the Sneak, an amateur SpEn (D:3)
  3 bullfrogs
  3 wights
  A killer bee (D:6)
  2 howler monkeys (D:7)
  2 orc priests (D:6)
  2 iguanas
  6 orc wizards
  2 sleepcaps (D:4)
  5 gnolls
  An adder (D:4)
  A dart slug (D:4)
  20 orcs
  3 endoplasms
  4 goblins
  3 hobgoblins
  8 jackals
  6 kobolds
  A quokka (D:1)
  4 ball pythons
  3 bats
  2 frilled lizards
91 creatures vanquished.

Vanquished Creatures (collateral kills)
  A centaur (D:8)
  A bullfrog (D:8)
  2 wights (D:6)
  A hound (D:6)
  2 jellies (D:5)
  An orc wizard (D:8)
  A nameless horror (D:4)
  Robin (D:4)
  7 gnolls
  2 adders
  7 orcs
  2 ball pythons
  A bat (D:1)
  2 endoplasms (D:2)
  2 giant cockroaches
  6 hobgoblins
  A jackal (D:2)
  2 quokkas
  2 frilled lizards
  13 goblins
  5 kobolds
  A rat (D:2)
63 creatures vanquished.

Vanquished Creatures (others)
  Grinder (D:3)
  3 yaks (D:8)
  A water moccasin (D:7)
  An ice beast (D:6)
  2 orc warriors (D:7)
  A lemure (D:6)
  A kobold brigand (D:7)
  Blork the orc (D:4)
  2 gnoll sergeants
  7 wights
  3 killer bees (D:6)
  A hound (D:3)
  An iguana (D:6)
  2 orc wizards
  2 gnolls
  5 orcs
  An endoplasm (D:2)
35 creatures vanquished.

Grand Total: 189 creatures vanquished

Notes
Turn   | Place    | Note
-------+----------+-------------------------------------------
     0 | D:1      | croobank the Armataur Wanderer began the quest for the Orb.
     0 | D:1      | croobank set off with the following items: a +0 dagger, 9
                  | poisoned darts, a potion of brilliance, a +0 robe; and the
                  | following spells available to memorise: Summon Small
                  | Mammal, Slow, Call Imp, Summon Guardian Golem, Inner Flame.
     0 | D:1      | Reached XP level 1. HP: 17/17 MP: 3/3
     2 | D:1      | Learned a level 1 spell: Summon Small Mammal
   154 | D:1      | Reached XP level 2. HP: 24/24 MP: 1/4
   157 | D:1      | Learned a level 2 spell: Call Imp
   315 | D:1      | Found a faded altar of an unknown god.
   957 | D:1      | Found Malaloc's Jewellery Shop.
  1169 | D:2      | Reached XP level 3. HP: 29/29 MP: 1/6
  1176 | D:2      | Learned a level 3 spell: Summon Guardian Golem
  1890 | D:2      | Reached XP level 4. HP: 37/37 MP: 1/7
  2749 | D:3      | Found Ehio's Jewellery Shoppe.
  2897 | D:3      | Found a runed translucent door.
  2897 | D:3      | Noticed Xrynn's ghost (amateur SpEn)
  2940 | D:3      | Reached XP level 5. HP: 42/43 MP: 2/8
  2996 | D:3      | Killed Xrynn's ghost
  3067 | D:3      | Found Fusma's Weapon Shop.
  3068 | D:3      | Noticed Grinder
  3095 | D:3      | Killed Grinder
  3096 | D:3      | Reached XP level 6. HP: 53/53 MP: 2/10
  3319 | D:3      | Found Buniul's Assorted Antiques.
  3333 | D:3      | Bought a yellow potion for 18 gold pieces
  3333 | D:3      | Bought a scroll labelled ANAWEEZ LUEVVI for 20 gold pieces
  3333 | D:3      | Bought a red potion for 18 gold pieces
  3333 | D:3      | Bought a scroll labelled DICAL JEGG for 20 gold pieces
  3717 | D:4      | Found an opulent altar of Gozag.
  3828 | D:4      | Became a worshipper of Gozag Ym Sagoz the Greedy
  3914 | D:4      | Noticed Robin
  3930 | D:4      | Killed Robin
  4147 | D:4      | Found a stormy altar of Qazlal.
  4291 | D:3      | Bought a transparent ivory ring for 100 gold pieces
  4291 | D:3      | Identified the ring "Hokker" {rC+ Str-5 Int+5 Dex+6} (You
                  | bought it in a shop on level 3 of the Dungeon)
  4336 | D:4      | Reached XP level 7. HP: 44/59 MP: 5/11
  5003 | D:4      | Noticed Blork the orc
  5017 | D:4      | Killed Blork the orc
  5302 | D:4      | Found a broken altar of Ashenzari.
  5302 | D:4      | Found a sacrificial altar of Ru.
  5310 | D:4      | Learned a level 1 spell: Slow
  5328 | D:5      | Entered Level 5 of the Dungeon
  6356 | D:6      | Noticed Pikel
  6371 | D:6      | Killed Pikel
  6372 | D:6      | Reached XP level 8. HP: 67/68 MP: 2/13
  6758 | D:3      | Bought an encrusted flail for 170 gold pieces
  6758 | D:3      | Identified the +9 flail "Lorem Ipsum" {freeze, rPois Will-
                  | Int+4} (You bought it in a shop on level 3 of the Dungeon)
  6758 | D:3      | Bought a potion of curing for 60 gold pieces
  6758 | D:3      | Bought a scroll of fog for 80 gold pieces
  7611 | D:6      | Found a burning altar of Makhleb.
  7613 | D:6      | Noticed a cacodemon
  7617 | D:6      | Noticed a hellwing
  8366 | D:7      | Reached XP level 9. HP: 68/75 MP: 2/15
  9309 | D:7      | Noticed Maggie
  9321 | D:7      | Killed Maggie
  9471 | D:7      | Learned a level 3 spell: Inner Flame
  9507 | D:7      | Reached skill level 5 in Evocations
  9529 | D:7      | Reached skill level 5 in Hexes
  9932 | D:7      | Reached skill level 1 in Fire Magic
 10129 | D:7      | Found a staircase to the Ecumenical Temple.
 10301 | D:8      | Reached skill level 5 in Summonings
 10358 | D:8      | Found an ornate altar of the Wu Jian Council.
 10480 | D:8      | Reached XP level 10. HP: 85/85 MP: 11/17
 10501 | D:8      | Reached skill level 5 in Fighting
 10592 | D:8      | Found a snail-covered altar of Cheibriados.
 10817 | D:8      | Found a shimmering blue altar of Sif Muna.
 11101 | D:8      | Reached skill level 5 in Throwing
 11179 | D:8      | Noticed a deep elf pyromancer
 11179 | D:8      | Noticed a two-headed ogre
 11180 | D:8      | Noticed a manticore
 11180 | D:8      | Found the +5 robe of Night {Dark Will+ SInv}
 11180 | D:8      | Noticed a gargoyle
 11189 | D:8      | HP: 1/86 [two-headed ogre/+0 giant club (7)]
 11190 | D:8      | Slain by a gargoyle

Illustrated notes

Levels and vault maps discovered:
D:1:      lemuel_arrival_rhombus, layout_loops_ring, serial_shops, shop,
          hellmonk_ecumenical_altar_inner_sanctum, minivault_19,
          hangedman_decor_clover_reticule
D:2:      layout_rooms
D:3:      layout_loops_ring, serial_shops, shop,
          nicolae_shop_competitors_out_of_business, shop, gammafunk_ghost_grave,
          uniq_grinder
D:4:      layout_gridville, mainiacjoe_overflow_brackets,
          grunt_gozag_breadcrumbs, nicolae_overflow_two_pavilions,
          hellmonk_no_cap, uniq_blork_the_orc, uniq_robin
D:5:      layout_cave_pods, chequers_serial_rivers_large_a
D:6:      layout_loops_cross, makhleb_altar_promises_db, uniq_pikel
D:7:      layout_cave_pools, minmay_temple_entry_antechambers,
          serial_column_ruins, column_ruins_grid_3, column_ruins_grid_1,
          column_ruins_grid_1, uniq_maggie
D:8:      layout_basic, led_sif_book, amcnicky_altar_gilded,
          mainiacjoe_overflow_six_doors_small,
          mainiacjoe_overflow_surrounded_room, minmay_radiant

Skill      XL: |  1  2  3  4  5  6  7  8  9 10 |
---------------+-------------------------------+-----
Hexes          | 2 3 4 5 |  5.3
Spellcasting   | 2 3 4 |  4.8
Throwing       | 2 3 4 5 |  5.0
Evocations     | 2 3 4 5 |  5.4
Fighting       | 2 3 4 5 |  5.0
Summonings     | 3 4 5 |  5.2
Dodging        | 2 3 4 |  4.5
Fire Magic     | 1 |  1.7

Action                     |  1- 3 |  4- 6 |  7- 9 | 10-12 || total
---------------------------+-------+-------+-------+-------++-------
  Melee: Dagger            |    77 |   182 |   290 |    24 ||   573
         Tailslap          |    11 |    27 |    60 |     2 ||   100
         Punch             |     1 |     1 |     5 |     1 ||     8
         Flail             |       |       |    38 |       ||    38
  Throw: Dart              |       |       |     8 |       ||     8
         Throwing net      |       |       |     3 |       ||     3
   Cast: Summon Small Mamm |    31 |    29 |    45 |     2 ||   107
         Call Imp          |    12 |    23 |    31 |     1 ||    67
         Summon Guardian G |     1 |     9 |    26 |     7 ||    43
         Slow              |       |       |     3 |       ||     3
         Inner Flame       |       |       |     2 |     2 ||     4
 Invoke: Potion Petition   |       |       |       |     1 ||     1
  Evoke: Wand              |       |       |    10 |       ||    10
    Use: Scroll            |     4 |     6 |     6 |     3 ||    19
         Potion            |       |     1 |     5 |     1 ||     7
   Stab: Distracted        |       |     1 |     1 |       ||     2
         Sleeping          |       |       |     1 |       ||     1
         Held in net/web   |       |       |     2 |       ||     2
 Armour: Robe              |    34 |    58 |   129 |       ||   221
         Acid dragon scale |       |       |    49 |     9 ||    58
  Dodge: Dodged            |    34 |    79 |   192 |    16 ||   321
